 Dungeon Crawl Stone Soup version 0.30.1-9-gdf580d7c3d (webtiles) character file.

Game seed: 9845179037623446291

2305 Atelerd the Magician (level 9, -2/54 HPs)
             Began as an Octopode Earth Elementalist on Sept 25, 2023.
             Was a Follower of Sif Muna.
             Shot with an arrow by a centaur (12 damage)
             ... on level 7 of the Dungeon.
             The game lasted 00:09:52 (7072 turns).

Atelerd the Magician (Octopode Earth Elementalist)  Turns: 7072, Time: 00:09:53

Health: -2/54      AC:  1    Str:  8    XL:     9   Next: 40%
Magic:  2/21       EV: 15    Int: 19    God:    Sif Muna [*.....]
Gold:   30         SH:  0    Dex: 16    Spells: 16/21 levels left

rFire   + . .        q - staff of earth "Zios" {Dex+2}
rCold   . . .        (no shield)
rNeg    . . .        (helmet restricted)
rPois   .            (no amulet)
rElec   .            r - ring of wizardry
rCorr   +            t - ring of resist corrosion
SInv    .            (no ring)
Will    .....        (no ring)
Stlth   ++++         (no ring)
HPRegen 0.29/turn    (no ring)
MPRegen 0.17/turn    (no ring)
                     (no ring)

%: wizardry (x1)
@: no status effects
A: almost no armour, amphibious, 8 rings, camouflage 1, gelatinous body 1,
(nimble swimmer 1), tentacles, fire resistance 1, high MP 1
a: Renounce Religion, Channel Magic


You were on level 7 of the Dungeon.
You worshipped Sif Muna.
Sif Muna was aware of your devotion.
You visited 2 branches of the dungeon, and saw 8 of its levels.

You collected 268 gold pieces.
You spent 238 gold pieces at shops.

Inventory:

Hand Weapons
 c - the +7 long sword of the Dead {freeze, Fly rC- rCorr SInv}
   (You found it on level 4 of the Dungeon)

   rC:        It makes you vulnerable to cold.
   SInv:      It lets you see invisible.
   Fly:       It grants you flight.
   rCorr:     It protects you from acid and corrosion.
 d - a +0 dagger
 e - a +0 dagger of electrocution
 p - a +0 rapier
Magical Staves
 q - the staff of earth "Zios" (weapon) {Dex+2}
   (You found it on level 2 of the Dungeon)

   [staff of earth]

   Base accuracy: +5 Base damage: 5 Base attack delay: 1.2 This weapon's minimum
   attack delay (0.6) is reached at skill level 12.
   Dex:       It affects your dexterity (+2).
   It falls into the 'Staves' category.
   It is a one-tentacled weapon.
Jewellery
 j - a ring of fire
 r - a ring of wizardry (left tentacle)
 t - a ring of resist corrosion (right tentacle)
Wands
 C - a wand of acid (4)
Scrolls
 f - a scroll of magic mapping
 l - a scroll of amnesia
 m - 3 scrolls of teleportation {unknown}
 o - 2 scrolls of fog
 s - a scroll of enchant armour {unknown}
 x - a scroll of poison
 y - 2 scrolls of torment
Potions
 a - 2 potions of magic
 b - 2 potions of flight
 g - 2 potions of berserk rage {unknown}
 h - 2 potions of invisibility {unknown}
 i - a potion of curing
 k - 2 potions of degeneration
 n - 2 potions of brilliance
 u - a potion of resistance {unknown}
 v - 2 potions of lignification {unknown}
 w - 2 potions of haste {unknown}
 z - a potion of ambrosia {unknown}
 A - a potion of cancellation {unknown}
 B - a potion of mutation


   Skills:
 - Level 2.0 Fighting
 - Level 2.0 Short Blades
 - Level 5.0 Dodging
 + Level 5.9 Stealth
 + Level 6.9 Spellcasting
 + Level 3.6 Transmutations
 + Level 6.3 Earth Magic
 - Level 2.0 Invocations
 - Level 1.0 Evocations


You had 16 spell levels left.
You knew the following spells:

 Your Spells              Type           Power      Damage    Failure   Level
a - Sandblast             Erth           92%        2d19      1%          1
p - Petrify               Tmut/Erth      38%        N/A       5%          4

Your spell library contained the following spells:

 Spells                   Type           Power      Damage    Failure   Level
 Passwall                 Tmut/Erth      31%        N/A       1%          2
 Stone Arrow              Conj/Erth      56%        3d10      3%          3
 Apportation              Tloc           12%        N/A       4%          1
 Summon Ice Beast         Ice/Summ       6%         N/A       38%         4
 Alistair's Intoxication  Tmut/Pois      8%         N/A       45%         5
 Summon Mana Viper        Hex/Summ       6%         N/A       71%         5
 Malign Gateway           Summ/Tloc      3%         N/A       100%        7
 Monstrous Menagerie      Summ           3%         N/A       100%        7
 Borgnjor's Revivificati  Necr           3%         N/A       100%        8
 Necromutation            Tmut/Necr      6%         N/A       100%        8
 Summon Horrible Things   Summ           3%         N/A       100%        8
 Death's Door             Necr           3%         N/A       100%        9


Dungeon Overview and Level Annotations

Branches:
Dungeon (7/15)             Temple (1/1) D:5

Altars:
Dithmenos
Fedhas
Hepliaklqana
Makhleb
Nemelex Xobeh
Qazlal
Ru
Sif Muna
Trog
Vehumet
Wu Jian
Yredelemnul

Shops:
D:4 :   D:6 !


Innate Abilities, Weirdness & Mutations

You cannot wear most types of armour.
You are amphibious.
You can wear up to eight rings at the same time.
Your skin changes colour to match your surroundings (Stealth+).
Your rubbery body absorbs attacks. (AC +1, EV +1)
((You are camouflaged when in or above water. (Stealth+)))
You have tentacles for arms and can constrict up to eight enemies at once.
Your flesh is heat resistant. (rF+)
You have an increased reservoir of magic. (+10% MP)


Message History

You feel a surge of power!
The centaur shouts!
The centaur struggles to resist.
The centaur shoots an arrow.
The arrow hits you.
The centaur shoots an arrow.
The arrow hits you!
The centaur shoots an arrow.
The arrow hits you!
Casting: Petrify (dangerous; 5% risk of failure)
Confirm with . or Enter, or press ? or * to list all spells.
Aiming: Petrify (dangerous; 5% risk of failure)
Press: ? - help, Shift-Dir - straight line, f/p - centaur
Aim: a centaur, wielding a +0 shortbow (chance to affect: 65%)
You feel a surge of power!
The centaur struggles to resist.
The centaur shoots an arrow.
The arrow completely misses you.
Casting: Petrify (dangerous; 5% risk of failure)
Confirm with . or Enter, or press ? or * to list all spells.
Aiming: Petrify (dangerous; 5% risk of failure)
Press: ? - help, Shift-Dir - straight line, f/p - centaur
Aim: a centaur, wielding a +0 shortbow (chance to affect: 65%)
You feel a surge of power!
The centaur struggles to resist.
The centaur shoots an arrow.
The arrow hits you.
Casting: Petrify (dangerous; 5% risk of failure)
Confirm with . or Enter, or press ? or * to list all spells.
Aiming: Petrify (dangerous; 5% risk of failure)
Press: ? - help, Shift-Dir - straight line, f/p - centaur
Aim: a centaur, wielding a +0 shortbow (chance to affect: 65%)
You feel a surge of power!
The centaur is moving more slowly.
The centaur shoots an arrow.
The arrow closely misses you.
The centaur shoots an arrow.
The arrow misses you.
Casting: Petrify (dangerous; 5% risk of failure)
Confirm with . or Enter, or press ? or * to list all spells.
Aiming: Petrify (dangerous; 5% risk of failure)
Press: ? - help, Shift-Dir - straight line, f/p - centaur
Aim: a centaur, wielding a +0 shortbow (petrifying slowly, chance to affect: 65%)
You feel a surge of power!
The centaur struggles to resist.
The centaur shoots an arrow.
The arrow hits you!
The centaur shoots an arrow.
The arrow hits you!
* * * LOW HITPOINT WARNING * * *
The centaur shoots an arrow.
The arrow closely misses you.
The centaur shoots an arrow.
The arrow hits you!
You die...

#......<
#################†######
...............##.# #
#######.######.##.#### #
##...## #.......# #
#.....# ####.##.###
##...## #.#...## ##.##
###..###.. #@# #....#
#.# #.# #.##.###.# #'#
#.###...## ... #.# #####
..c.. #.# ....... #.#
..../.... #..
+.....!...+ ...
#.........# #..


You could see a centaur (petrifying).

Vanquished Creatures
  Prince Ribbit (D:6)
  Duvessa (D:4)
  2 water moccasins
  An acid dragon (D:4)
  An ice beast (D:5)
  A black bear (D:6)
  An orc warrior (D:4)
  A sky beast (D:7)
  2 ogres
  The ghost of Madon the Ducker, an amateur HuGl (D:3)
  A centaur (D:4)
  Blork the orc (D:4)
  3 scorpions
  3 wights (D:6)
  Dowan (D:4)
  2 howler monkeys
  A jelly (D:5)
  A sleepcap (D:4)
  3 orc priests (D:6)
  3 hounds
  Jessica (D:2)
  2 iguanas
  An orc wizard (D:6)
  8 adders
  A shadow imp (D:4)
  3 worms
  3 dart slugs (D:1)
  11 orcs
  3 ball pythons
  6 bats
  7 endoplasms
  2 giant cockroaches (D:4)
  4 goblins
  5 hobgoblins
  4 jackals
  4 kobolds
  5 quokkas
  2 frilled lizards
  6 rats
109 creatures vanquished.

Notes
Turn   | Place    | Note
-------+----------+-------------------------------------------
     0 | D:1      | Atelerd the Octopode Earth Elementalist began the quest for
                  | the Orb.
     0 | D:1      | Reached XP level 1. HP: 11/11 MP: 3/3
   274 | D:1      | Reached XP level 2. HP: 17/17 MP: 3/5
   635 | D:1      | Reached XP level 3. HP: 21/21 MP: 3/6
   694 | D:1      | Found a faded altar of an unknown god.
  1354 | D:2      | Noticed Jessica
  1358 | D:2      | Killed Jessica
  1359 | D:2      | Reached XP level 4. HP: 27/27 MP: 8/8
  1653 | D:2      | Found a radiant altar of Vehumet.
  1740 | D:2      | Identified the staff of earth "Zios" {Dex+2}
  2078 | D:3      | Found a runed translucent gate.
  2078 | D:3      | Found a runed translucent gate.
  2078 | D:3      | Found a runed translucent gate.
  2078 | D:3      | Noticed Madon's ghost (amateur HuGl)
  2265 | D:3      | Found a bloodstained altar of Trog.
  2268 | D:3      | Reached XP level 5. HP: 31/31 MP: 8/10
  3002 | D:4      | Learned a level 4 spell: Petrify
  3235 | D:4      | Noticed Duvessa
  3235 | D:4      | Noticed Dowan
  3273 | D:4      | Noticed Blork the orc
  3288 | D:4      | Killed Blork the orc
  3289 | D:4      | Reached skill level 1 in Fighting
  3289 | D:4      | Reached XP level 6. HP: 32/38 MP: 5/11
  3351 | D:4      | Found Meih's Book Emporium.
  3452 | D:4      | Found a large runed translucent door.
  3454 | D:4      | Found a large runed translucent door.
  3459 | D:4      | Noticed an acid dragon
  3459 | D:4      | Noticed an orc warrior
  3467 | D:4      | Found a large runed translucent door.
  3467 | D:4      | Found a large runed translucent door.
  3651 | D:4      | Reached skill level 1 in Short Blades
  3719 | D:4      | Reached skill level 5 in Earth Magic
  3966 | D:4      | Reached XP level 7. HP: 43/43 MP: 6/12
  4242 | D:5      | Entered Level 5 of the Dungeon
  4361 | D:5      | Found a sacrificial altar of Ru.
  4361 | D:5      | Found a burning altar of Makhleb.
  4383 | D:5      | Found a staircase to the Ecumenical Temple.
  4474 | Temple   | Entered the Ecumenical Temple
  4535 | Temple   | Became a worshipper of Sif Muna the Loreminder
  4661 | D:5      | Reached XP level 8. HP: 50/50 MP: 11/14
  5001 | D:6      | Reached skill level 5 in Stealth
  5422 | D:6      | Noticed Prince Ribbit
  5442 | D:6      | Killed Prince Ribbit
  5443 | D:6      | Reached skill level 5 in Spellcasting
  5555 | D:6      | Found Rex Cakh's Distillery.
  5579 | D:6      | Bought a potion of degeneration for 14 gold pieces
  5579 | D:6      | Bought 2 potions of mutation for 224 gold pieces
  5579 | D:6      | Gained mutation: You have an increased reservoir of magic.
                  | (+10% MP) [potion of mutation]
  5579 | D:6      | Gained mutation: Your flesh is heat resistant. (rF+)
                  | [potion of mutation]
  5703 | D:6      | Reached skill level 5 in Dodging
  5705 | D:6      | Reached * piety under Sif Muna
  5926 | D:6      | Reached XP level 9. HP: 54/54 MP: 16/20
  6200 | D:3      | Killed Madon's ghost
  6485 | D:4      | Killed Duvessa
  6495 | D:4      | Killed Dowan
  6496 | D:4      | Reached skill level 1 in Invocations
  6496 | D:4      | Reached skill level 1 in Evocations
  6678 | D:4      | Identified the +7 long sword of the Dead {freeze, Fly rC-
                  | rCorr SInv}
  7072 | D:7      | Shot with an arrow by a centaur

Illustrated notes

Levels and vault maps discovered:
D:1:      minmay_arrival_jagged, layout_loops_corners,
          chequers_ecumenical_altar_twisty
D:2:      layout_basic, basic_altar, uniq_jessica
D:3:      layout_basic, lightli_temple_of_fire, ebering_ghost_rock_garden,
          chequers_avenue
D:4:      dreamdust_elfheim, layout_loops_ring, serial_shops,
          nicolae_book_shop_shelving, minmay_hollow_rounded_squares,
          uniq_blork_the_orc
D:5:      layout_basic, mainiacjoe_overflow_divided_tiny,
          minmay_temple_entry_ruins, kennysheep_generic_room_11
D:6:      layout_basic, serial_shops, nicolae_shop_advertising_works
          [nicolae_subvault_shop_adworks], uniq_prince_ribbit1
D:7:      layout_loops_corners, jmf_multi_god_temple, uniq_crazy_yiuf_cottage
Temple:   nicolae_temple_bog_church

Skill      XL: |  1  2  3  4  5  6  7  8  9 |
---------------+----------------------------+-----
Earth Magic    | 4 5 6 |  6.3
Spellcasting   | 3 4 6 |  6.9
Fighting       | 1 2 |  2.0
Stealth        | 3 4 5 |  5.9
Transmutations | 2 3 |  3.6
Short Blades   | 1 2 |  2.0
Dodging        | 3 5 |  5.0
Invocations    | 2 |  2.0
Evocations     | 1 |  1.0

Action                     |  1- 3 |  4- 6 |  7- 9 || total
---------------------------+-------+-------+-------++-------
  Melee: Unarmed           |     4 |       |       ||     4
         Punch             |     2 |       |     1 ||     3
         Dagger            |    14 |     2 |    18 ||    34
         Constrict         |     5 |     6 |     8 ||    19
         Tentacles         |     2 |     4 |    11 ||    17
         Staff             |       |     8 |     2 ||    10
         Rapier            |       |     5 |    18 ||    23
   Cast: Sandblast         |    25 |    64 |    57 ||   146
         Petrify           |       |     1 |    32 ||    33
    Use: Potion            |       |       |     3 ||     3
         Scroll            |       |       |     7 ||     7
   Stab: Sleeping          |     2 |     1 |       ||     3
         Petrified         |       |     5 |    32 ||    37
 Armour: Skin              |     1 |     2 |     1 ||     4
  Dodge: Dodged            |    13 |    26 |    35 ||    74
